 Dungeon Crawl Stone Soup version 0.18.1-48-g4cf74bf (webtiles) character file.

23 Gargoyl the Skirmisher (level 2, 0/24 HPs)
             Began as a Demonspawn Abyssal Knight on Aug 27, 2016.
             Was a Follower of Lugonu.
             Slain by an adder (2 damage)
             ... on level 2 of the Dungeon.
             The game lasted 00:02:54 (1106 turns).

Gargoyl the Skirmisher (Demonspawn Abyssal Knight)  Turns: 1106, Time: 00:02:55

Health: 0/24       AC:  7    Str: 12    XL:     2   Next: 75%
Magic:  3/3        EV:  9    Int: 13    God:    Lugonu [*.....]
Gold:   72         SH:  0    Dex: 12    Spells: 0 memorised, 1 level left

rFire  + . .     SeeInvis .     a - +1 hand axe
rCold  . . .     Gourm    +     d - +0 scale mail
rNeg   . . .     Faith    .     (no shield)
rPois  .         Spirit   .     (no helmet)
rElec  .         Dismiss  .     g - +0 cloak
rCorr  .         Reflect  .     (no gloves)
SustAt .         Harm     .     (no boots)
MR     .....                    o - amulet of the gourmand (curse)
Stlth  ..........               (no ring)
                                (no ring)

@: lethally poisoned (0 -> -2), not resistant to hostile enchantments, extremely
unstealthy
A: fire resistance 1
a: Depart the Abyss, Renounce Religion


You were on level 2 of the Dungeon.
You worshipped Lugonu.
Lugonu was aware of your devotion.
You were not hungry.

You visited 1 branch of the dungeon, and saw 2 of its levels.
You visited the Abyss 1 time.

You collected 72 gold pieces.

Inventory:

Hand Weapons
 a - a +1 hand axe (weapon)
Armour
 d - a +0 scale mail (worn)
 g - a +0 cloak (worn)
Jewellery
 o - a cursed amulet of the gourmand (around neck)
Scrolls
 b - a scroll of fog {unknown}
 f - a scroll of teleportation {unknown}
 i - a scroll of blinking {unknown}
 j - 2 scrolls of noise {unknown}
 l - a scroll of recharging {unknown}
 m - a scroll of identify {unknown}
 n - 2 scrolls of amnesia {unknown}
 p - a scroll of enchant weapon {unknown}
Potions
 e - a potion of curing
 h - a potion of might {unknown}
Comestibles
 c - a bread ration
 k - 2 fruits


   Skills:
 + Level 3.5 Fighting
 + Level 2.0 Axes
 * Level 2.1 Armour
 + Level 1.1 Dodging
 + Level 2.4 Invocations


You had one spell level left.
You didn't know any spells.

Dungeon Overview and Level Annotations

Branches:
Dungeon (2/15)

Altars:

Annotations:
D:2 Jessica


Innate Abilities, Weirdness & Mutations

Your flesh is heat resistant.


Message History

The adder bites you but does no damage.
Jessica mumbles some strange words.
Jessica blinks!
You open the door.
The jackal bites you but does no damage.
The adder misses you.
The jackal bites you but does no damage.
* * * LOW HITPOINT WARNING * * *
You feel sick. The adder closely misses you.
There is an open door here.
The adder bites you but does no damage.
Unknown command.
You miss the adder.
The adder is severely wounded.
The adder barely misses you.
You miss the adder.
The adder is severely wounded.
* * * LOW HITPOINT WARNING * * *
You feel sick. The adder bites you but does no damage. The adder bites you.
You die...

########+## #########.........#
.........@........# #.#
...........w....h.# #.#$#
...?......######S## #.#.#
..........# #@# #.#.# ######
...†......# #.# #.#.# #.....
..†.......######.# #.#.# #.....
..........+.#....# #.#.# #.....
..........#.#.########.#.###.....
..........................>'.....
###########...#######..#.###.....
##.......[...#.# ##....
#...######.##.# #.###


You could see an adder and a jackal.

Vanquished Creatures
  A dart slug (D:1)
  A giant cockroach (D:2)
  2 hobgoblins (D:1)
  7 jackals
  3 bats
  A giant newt (D:1)
  A goblin (D:2)
  2 kobolds (D:1)
  3 rats (D:1)
21 creatures vanquished.

Notes
Turn   | Place    | Note
--------------------------------------------------------------
     0 | Abyss:1  | Gargoyl the Demonspawn Abyssal Knight began the quest for the Orb.
     0 | Abyss:1  | Reached XP level 1. HP: 18/18 MP: 2/2
    86 | Abyss:2  | Noticed an iron imp
    88 | Abyss:2  | Noticed an eidolon
    91 | D:1      | Escaped the Abyss
   275 | D:1      | Reached * piety under Lugonu
   481 | D:1      | Reached skill level 1 in Dodging
   481 | D:1      | Gained mutation: Your flesh is heat resistant. [demonic ancestry]
   481 | D:1      | Reached XP level 2. HP: 22/24 MP: 3/3
  1080 | D:2      | Noticed Jessica
  1106 | D:2      | Slain by an adder

Skill      XL: |  1  2 |
---------------+-------+-----
Armour         | 2 |  2.1
Dodging        | 1 |  1.1
Axes           | 2 |  2.0
Fighting       | |  3.5
Invocations    | |  2.4

Action                   || total
-------------------------++-------
Melee: Hand axe          ||    67
Invok: Depart the Abyss  ||     1
  Use: Potion            ||     1
  Eat: Chunk             ||     1
Armor: Scale mail        ||    41
Dodge: Dodged            ||    63
